AoeStats
← chaquin_7

Black Forest

510439623Analyzed
2v2 RM · 8h ago on Oct 1, 2026· 36m 33s· 4 players
Game mode
Random Map
Map size
Medium (4 player)
Population
200
Speed
Normal
Resources
Standard
Victory
Conquest
Starting age
Dark Age
Ending age
Imperial Age
RankedLock teamsTeams togetherTeam positionsShared explorationLock speedFull tech treeHidden civsTurbo modeCheats
Victory
Defeat
🇨🇦 Bohemians · Canada
1194
+15
🇵🇪 Romans · Peru
1149
+17
🇲🇽 Poles · Mexico
1190
-17
🇲🇽 Sicilians · Mexico
1151
-15
chaquin_7
0:40 Loom
14:07 Feudal Age
22:28 Forging
22:49 Scale Mail Armor
33:27 Town Watch
36:40 Castle Age
BlankZombie18
12:29 Feudal Age
16:16 Castle Age
14:31 Double-Bit Axe
15:16 Horse Collar
17:44 Bow Saw
17:36 Heavy Plow
23:38 Wheelbarrow
23:09 Town Watch
23:16 Loom
23:56 Town Patrol
26:01 Light Cavalry
28:52 Husbandry
29:03 Bloodlines
29:27 Hand Cart
33:56 Imperial Age
35:02 Lechitic Legacy
34:42 Cavalier
Nhitty
11:52 Feudal Age
15:51 Castle Age
14:12 Double-Bit Axe
17:48 Horse Collar
20:16 Chemistry
22:42 Bow Saw
24:34 Loom
25:55 Wheelbarrow
27:58 Heavy Plow
31:26 Imperial Age
35:27 Padded Archer Armor
THENERITO SAN
2:27 Loom
13:36 Feudal Age
16:13 Double-Bit Axe
16:18 Man-at-Arms
18:58 Town Watch
21:51 Scale Mail Armor
26:39 Castle Age
34:52 Wheelbarrow
34:12 Gold Mining
Connection lost

Rejoining the realm…

Still unreachable

The connection could not be restored.

Session expired

The server has moved on; the page needs a fresh start.